 Dungeon Crawl Stone Soup version 0.28.0-43-g3370ac3207 (webtiles) character file.

Game seed: 1159682293052133191

445 Bruhh the Cleaver (level 7, -3/57 HPs)
             Began as a Hill Orc Fighter on Mar 29, 2022.
             Was an Elder of Uskayaw.
             Slain by a sky beast (5 damage)
             ... on level 4 of the Dungeon.
             The game lasted 00:06:09 (4046 turns).

Bruhh the Cleaver (Hill Orc Fighter)                Turns: 4046, Time: 00:06:09

Health: -3/57      AC:  6    Str: 27    XL:     7   Next: 3%
Magic:  7/7        EV:  9    Int:  8    God:    Uskayaw [****..]
Gold:   151        SH:  4    Dex: 10    Spells: 6/6 levels left

rFire   . . .      SeeInvis .   a - +0 war axe
rCold   . . .      Faith    .   c - +0 buckler
rNeg    . . .      Spirit   .   b - +0 scale mail
rPois   .          Reflect  .   (no helmet)
rElec   .          Harm     .   (no cloak)
rCorr   .          Rampage  .   (no gloves)
Will    .....                   (no boots)
Stlth   ..........              (no amulet)
HPRegen 0.19/turn               m - +6 ring of strength
MPRegen 0.10/turn               (no ring)

@: no status effects
A: no striking features
a: Renounce Religion, Stomp, Line Pass


You were on level 4 of the Dungeon.
You worshipped Uskayaw.
Uskayaw was noncommittal.
You visited 2 branches of the dungeon, and saw 5 of its levels.

You collected 151 gold pieces.

Inventory:

Hand Weapons
 a - a +0 war axe (weapon)
Armour
 b - a +0 scale mail (worn)
 c - a +0 buckler (worn)
Jewellery
 m - a +6 ring of strength (left hand)
Wands
 d - a wand of flame (7)
 o - a wand of mindburst (11)
Scrolls
 e - 2 scrolls of identify {unknown}
 f - 3 scrolls of enchant weapon {unknown}
 h - 2 scrolls of holy word {unknown}
 l - a scroll of fog {unknown}
 n - a scroll of enchant armour {unknown}
Potions
 g - 2 potions of heal wounds {unknown}
 i - a potion of degeneration {unknown}
 j - a potion of attraction {unknown}
 k - a potion of resistance {unknown}
 p - a potion of curing {unknown}
 q - a potion of mutation {unknown}
 r - 2 potions of cancellation {unknown}
 s - a potion of haste {unknown}


   Skills:
 - Level 3.6 Fighting
 + Level 9.6 Axes
 - Level 3.2 Armour
 - Level 3.2 Shields


You had 6 spell levels left.
You didn't know any spells.
Your spell library was empty.

Dungeon Overview and Level Annotations

Branches:
Dungeon (4/15)             Temple (1/1) D:4

Altars:
Ashenzari
Cheibriados
Dithmenos
Elyvilon
Fedhas
Gozag
Hepliaklqana
Kikubaaqudgha
Makhleb
Nemelex Xobeh
Okawaru
Qazlal
Ru
Sif Muna
Trog
Uskayaw
Vehumet
Wu Jian
Yredelemnul
Zin
The Shining One


Message History

Things that are here:
a +0 flail; a gnoll corpse You hit the adder skeleton.
The adder skeleton is severely damaged.
The adder skeleton barely misses you.
You barely miss the adder skeleton.
The adder skeleton is severely damaged.
You block the adder skeleton's attack. The sky beast hits you.
The sky beast shocks you.
The adder skeleton bites you but does no damage.
You hit the adder skeleton.
You destroy the adder skeleton!
You slash the sky beast!
The sky beast flickers out of sight!
Deactivating autopickup; reactivate with Ctrl-A.
Something hits you. Something shocks you.
Uskayaw will force your foes to share their pain.
Something hits you but does no damage.
You barely miss something. Something hits you. Something shocks you.
* * * LOW HITPOINT WARNING * * *
You closely miss something. Something hits you.
* * * LOW HITPOINT WARNING * * *
Something shocks you.
* * * LOW HITPOINT WARNING * * *
You miss something. Something hits you but does no damage.
You hit something. Something hits you but does no damage.
Uskayaw will force your foes to share their pain.
Uskayaw prepares the audience for your solo!
You slash something! Something hits you.
* * * LOW HITPOINT WARNING * * *
Something shocks you.
* * * LOW HITPOINT WARNING * * *
You closely miss something. Something completely misses you.
Unknown command.
You barely miss something. Something hits you but does no damage.
You closely miss something.
A sky beast appears from thin air!
Reactivating autopickup.
The sky beast hits you.
* * * LOW HITPOINT WARNING * * *
The sky beast shocks you.
You die...

#########
##############@Y...?..
#))..†.....<..)#######
#.########...)......#
#.# #.###........ #.#
#.# #.####... #.# #.#
#.# ## #.# #.# .#. #.#
#.# # # #.# ...


You could see a sky beast.

Vanquished Creatures
  Duvessa (D:4)
  2 scorpions (D:4)
  Dowan (D:4)
  An iguana (D:4)
  An orc wizard (D:3)
  2 gnolls (D:4)
  3 adders
  An adder skeleton (D:4)
  2 worms (D:2)
  4 dart slugs
  5 orcs (D:3)
  4 bats
  4 endoplasms
  3 goblins
  10 hobgoblins
  3 jackals
  3 kobolds (D:1)
  3 quokkas
  5 ball pythons
  A frilled lizard (D:3)
  4 rats
63 creatures vanquished.

Notes
Turn   | Place    | Note
-------+----------+-------------------------------------------
     0 | D:1      | Bruhh the Hill Orc Fighter began the quest for the Orb.
     0 | D:1      | Reached XP level 1. HP: 19/19 MP: 1/1
   128 | D:1      | Reached skill level 3 in Axes
   334 | D:1      | Reached XP level 2. HP: 26/26 MP: 2/2
   477 | D:1      | Reached skill level 4 in Axes
   658 | D:1      | Found a faded altar of an unknown god.
  1180 | D:2      | Reached XP level 3. HP: 31/31 MP: 3/3
  1219 | D:1      | Reached skill level 5 in Axes
  1708 | D:2      | Reached XP level 4. HP: 38/39 MP: 4/4
  2244 | D:3      | Reached skill level 6 in Axes
  2657 | D:3      | Reached XP level 5. HP: 29/45 MP: 5/5
  3094 | D:4      | Found a staircase to the Ecumenical Temple.
  3111 | D:4      | Reached skill level 7 in Axes
  3114 | Temple   | Entered the Ecumenical Temple
  3541 | Temple   | Became a worshipper of Uskayaw the Reveller
  3726 | D:4      | Noticed Duvessa
  3726 | D:4      | Noticed Dowan
  3732 | D:4      | Reached * piety under Uskayaw
  3734 | D:4      | Killed Dowan
  3734 | D:4      | Reached ** piety under Uskayaw
  3735 | D:4      | Reached skill level 8 in Axes
  3735 | D:4      | Reached XP level 6. HP: 28/51 MP: 6/6
  3735 | D:4      | Reached *** piety under Uskayaw
  3736 | D:4      | Killed Duvessa
  3834 | D:4      | Reached skill level 9 in Axes
  4032 | D:4      | Reached XP level 7. HP: 42/57 MP: 7/7
  4037 | D:4      | Reached **** piety under Uskayaw
  4046 | D:4      | HP: 2/57 [sky beast (1)]
  4046 | D:4      | Slain by a sky beast

Illustrated notes

Levels and vault maps discovered:
D:1:      ncdulo_watergridlock, layout_loops_corners,
          shapermc_ecumenical_altar_venn, minmay_surrounded
D:2:      layout_basic
D:3:      layout_basic
D:4:      layout_loops_ring, tgw_xom, minmay_temple_entry_waves,
          minmay_misc_feat_columns, uniq_duvessa
Temple:   mainiacjoe_temple_trianglar_array

Skill      XL: |  1  2  3  4  5  6 |
---------------+-------------------+-----
Axes           | 3 4 5 6 8 9 |  9.6
Fighting       | |  3.6
Armour         | |  3.2
Shields        | |  3.2

Action                   |  1- 3 |  4- 6 |  7- 9 || total
-------------------------+-------+-------+-------++-------
Melee: War axe           |    85 |    82 |    12 ||   179
  Use: Potion            |       |     1 |       ||     1
 Stab: Paralysed         |       |     1 |       ||     1
Armor: Scale mail        |    51 |    35 |     7 ||    93
Dodge: Dodged            |    51 |    39 |     2 ||    92
Block: Buckler           |    17 |    12 |     1 ||    30
